Map: Frozen Temple

Players

Stats

  • Race: Protoss Protoss

Zest - Winner!

  • Race: Protoss Protoss

Event: 2016 WCS Global Finals

VOD

Have the link to the VOD?

Description

Time

  • Played on: Nov. 4, 2016, 8 p.m.
  • Length: 16:22

All games in this series

Show
View Real Time Build Order
Export as new Build Order

Stats Protoss 

Build Orders:  

Get SALT Encoding   

  12  0:00  Probe (Chrono Boost)  
  13  0:11  Probe (Chrono Boost)  
  14  0:17  Pylon  
  14  0:21  Probe (Chrono Boost)  
  16  0:35  Probe (Chrono Boost)  
  16  0:36  Gateway  
  16  0:41  Assimilator  
  16  0:46  Probe (Chrono Boost)  
  17  0:52  Assimilator  
  17  0:56  Probe (Chrono Boost)  
  18  1:07  Gateway, Probe (Chrono Boost)  
  19  1:17  Probe (Chrono Boost)  
  20  1:23  Cybernetics Core  
  20  1:28  Probe (Chrono Boost)  
  20  1:32  Pylon  
  21  1:38  Probe (Chrono Boost)  
  22  1:44  Warp Gate  
  22  1:50  Probe (Chrono Boost)  
  23  1:59  Stalker x2  
  28  2:03  Probe (Chrono Boost)  
  28  2:05  Pylon  
  30  2:16  Mothership Core (Chrono Boost)  
  30  2:29  Stalker x2  
  34  2:53  Nexus  
  34  2:58  Pylon  
  34  3:04  Sentry  
  36  3:06  Sentry  
  36  3:08  Probe (Chrono Boost)  
  39  3:26  Robotics Facility  
  39  3:31  Probe (Chrono Boost)  
  40  3:43  Probe (Chrono Boost)  
  40  3:48  Stalker x2  
  45  3:54  Probe (Chrono Boost)  
  46  4:02  Twilight Council  
  46  4:05  Probe (Chrono Boost)  
  46  4:06  Probe (Chrono Boost)  
  48  4:15  Observer, Probe (Chrono Boost)  
  48  4:17  Probe (Chrono Boost)  
  51  4:20  Gateway  
  51  4:26  Probe (Chrono Boost)  
  51  4:27  Probe (Chrono Boost)  
  53  4:34  Immortal  
  57  4:39  Probe x2 (Chrono Boost)  
  57  4:41  Assimilator  
  57  4:44  Pylon  
  59  4:50  Probe (Chrono Boost)  
  59  4:51  Probe (Chrono Boost)  
  61  5:04  Probe x2 (Chrono Boost)  
  63  5:10  Warp Prism  
  63  5:12  Stalker x2  
  67  5:14  Pylon  
  67  5:16  Probe (Chrono Boost)  
  67  5:20  Pylon  
  70  5:25  Pylon  
  70  5:33  Stalker  
  70  5:34  Stalker, Probe (Chrono Boost)  
  75  5:36  Stalker  
  77  5:52  Nexus  
  77  5:58  Stalker, Sentry  
  81  6:05  Stalker  
  81  6:11  Pylon  
  83  6:21  Assimilator  
  83  6:23  Robotics Bay  
  83  6:25  Gateway  
  85  6:30  Blink  
  85  6:32  Stalker x3  
  89  6:36  Pylon, Probe x2 (Chrono Boost)  
  91  6:53  Probe x2 (Chrono Boost)  
  93  7:05  Probe x3 (Chrono Boost)  
  96  7:12  Pylon, Disruptor  
  96  7:15  Pylon  
  96  7:19  Probe (Chrono Boost)  
  96  7:21  Probe x2 (Chrono Boost)  
  96  7:22  Stalker x4  
  110  7:26  Gateway  
  110  7:30  Probe (Chrono Boost)  
  110  7:33  Probe x2 (Chrono Boost)  
  110  7:34  Pylon  
  113  7:37  Pylon  
  113  7:41  Probe (Chrono Boost)  
  113  7:43  Disruptor  
  116  7:45  Probe x2 (Chrono Boost)  
  116  7:50  Observer Gravitic Boosters  
  120  7:51  Probe (Chrono Boost)  
  120  7:56  Forge  
  120  8:02  Probe (Chrono Boost)  
  120  8:05  Assimilator  
  121  8:07  Assimilator, Stalker x3  
  127  8:14  Disruptor  
  127  8:17  Probe (Chrono Boost)  
  127  8:18  Adept  
  127  8:19  Probe x2 (Chrono Boost)  
  135  8:20  Adept  
  135  8:25  Robotics Facility  
  135  8:26  Protoss Ground Weapons Level 1  
  133  8:44  Photon Cannon  
  133  8:47  Photon Cannon, Disruptor  
  133  8:55  Stalker x3  
  142  9:03  Gateway, Nexus  
  142  9:06  Pylon  
  142  9:12  Disruptor  
  142  9:16  Stalker x2  
  146  9:22  Disruptor  
  150  9:32  Stalker x3  
  156  9:44  Pylon  
  156  9:45  Charge  
  156  9:49  Pylon  
  150  10:03  Disruptor x2  
  150  10:04  Protoss Ground Weapons Level 2  
  150  10:05  Zealot x2, Stalker x2  
  150  10:06  Zealot  
  168  10:15  Probe x2 (Chrono Boost)  
  168  10:16  Probe (Chrono Boost)  
  168  10:17  Probe (Chrono Boost)  
  168  10:18  Gateway  
  170  10:21  Gateway  
  170  10:33  Zealot x2, Stalker x3  
  180  10:35  Zealot  
  182  10:49  Immortal, Observer  
  186  11:10  Photon Cannon  
  186  11:11  Observer  
  186  11:13  Dark Shrine  
  187  11:19  Zealot x4  
  187  11:25  Immortal  
  187  11:26  Zealot x4  
  163  11:44  Disruptor  
  149  11:47  Stalker x8  
  160  11:59  Disruptor  
  160  12:01  Stargate  
  160  12:02  Assimilator, Probe (Chrono Boost)  
  160  12:03  Assimilator, Probe x3 (Chrono Boost)  
  154  12:19  Disruptor  
  154  12:21  Zealot x2, Protoss Ground Weapons Level 3  
  154  12:22  Zealot x6  
  173  12:30  Disruptor  
  176  12:49  Zealot  
  176  12:50  Zealot x3  
  156  13:05  Pylon  
  156  13:07  Pylon  
  156  13:09  Pylon  
  156  13:12  Zealot  
  138  13:21  Dark Templar x2  
  138  13:22  Dark Templar, Zealot x4  
  109  13:48  Immortal x2  
  103  13:50  Zealot x5  
  103  13:51  Archon  
  111  14:04  Templar Archives  
  110  14:12  Nexus  
  110  14:33  Photon Cannon  
  110  14:36  Dark Templar, Zealot x2  
  110  14:37  Zealot  
  115  14:56  High Templar x4  
  115  14:57  High Templar x2  
  115  14:59  Zealot  
  129  15:01  Archon x2  
  129  15:02  Archon  
  129  15:11  Immortal, Pylon  
  129  15:13  Observer  
  129  15:15  Archon  
  134  15:31  High Templar  
  134  15:32  High Templar x3  
  134  15:33  Zealot x4  
  134  15:35  Photon Cannon  
  150  15:38  Archon x2  
  120  16:03  Zealot x4  
  103  16:08  Stalker x4  
Show
View Real Time Build Order
Export as new Build Order

Zest Protoss - Winner!

Build Orders: Oracle Opening, Blink Stalkers 

Get SALT Encoding   

  12  0:00  Probe (Chrono Boost)  
  13  0:11  Probe (Chrono Boost)  
  14  0:17  Pylon  
  14  0:22  Probe (Chrono Boost)  
  15  0:35  Gateway, Probe (Chrono Boost)  
  16  0:41  Assimilator  
  16  0:46  Probe (Chrono Boost)  
  17  0:56  Probe (Chrono Boost)  
  18  0:57  Assimilator  
  18  1:03  Gateway  
  18  1:07  Probe (Chrono Boost)  
  19  1:17  Probe (Chrono Boost)  
  20  1:22  Cybernetics Core  
  20  1:28  Probe (Chrono Boost)  
  20  1:29  Pylon  
  21  1:38  Probe (Chrono Boost)  
  22  1:48  Warp Gate  
  22  1:49  Probe (Chrono Boost)  
  23  1:59  Adept x2  
  29  2:04  Mothership Core (Chrono Boost)  
  29  2:07  Pylon  
  29  2:26  Stalker x2  
  33  2:49  Nexus  
  33  2:59  Sentry  
  35  3:05  Twilight Council  
  35  3:06  Probe (Chrono Boost)  
  36  3:17  Probe (Chrono Boost)  
  35  3:28  Pylon, Probe (Chrono Boost)  
  35  3:33  Blink  
  36  3:38  Robotics Facility, Probe (Chrono Boost)  
  37  3:50  Probe (Chrono Boost)  
  38  3:59  Oracle  
  38  4:02  Stalker x2  
  40  4:07  Probe (Chrono Boost)  
  40  4:08  Probe (Chrono Boost)  
  44  4:19  Probe (Chrono Boost)  
  44  4:20  Probe (Chrono Boost)  
  46  4:25  Observer  
  46  4:29  Probe (Chrono Boost)  
  46  4:30  Stalker x2  
  53  4:32  Probe (Chrono Boost)  
  53  4:40  Probe (Chrono Boost)  
  53  4:44  Pylon, Probe (Chrono Boost)  
  55  4:51  Observer  
  57  4:53  Probe (Chrono Boost)  
  57  4:56  Probe (Chrono Boost)  
  58  5:01  Stalker x2  
  58  5:04  Assimilator, Probe (Chrono Boost)  
  58  5:05  Assimilator  
  64  5:08  Probe (Chrono Boost)  
  64  5:14  Pylon  
  64  5:15  Probe (Chrono Boost)  
  64  5:20  Probe (Chrono Boost)  
  66  5:25  Immortal  
  66  5:26  Pylon  
  66  5:34  Probe (Chrono Boost)  
  72  5:35  Probe (Chrono Boost)  
  72  5:40  Forge  
  72  5:48  Robotics Bay  
  70  5:57  Gateway  
  70  5:58  Gateway  
  70  6:00  Immortal  
  70  6:08  Gateway  
  70  6:09  Gateway, Protoss Ground Weapons Level 1  
  74  6:21  Stalker, Sentry  
  78  6:30  Pylon  
  78  6:35  Disruptor  
  78  6:45  Stalker x2  
  85  7:06  Pylon  
  85  7:07  Probe x2 (Chrono Boost)  
  85  7:08  Disruptor  
  90  7:18  Nexus  
  90  7:19  Pylon, Probe x2 (Chrono Boost)  
  90  7:22  Robotics Facility  
  92  7:32  Probe x2 (Chrono Boost)  
  94  7:39  Disruptor  
  94  7:43  Pylon  
  99  7:44  Probe x2 (Chrono Boost)  
  99  7:49  Assimilator  
  99  7:50  Assimilator  
  99  7:51  Pylon  
  99  7:56  Probe x2 (Chrono Boost)  
  101  8:03  Protoss Ground Weapons Level 2  
  101  8:04  Photon Cannon  
  101  8:05  Photon Cannon  
  101  8:08  Probe (Chrono Boost)  
  101  8:09  Probe (Chrono Boost)  
  103  8:14  Disruptor  
  108  8:21  Probe x2 (Chrono Boost)  
  108  8:25  Stalker x3  
  108  8:26  Stalker  
  117  8:41  Observer, Probe x2 (Chrono Boost)  
  117  8:46  Observer Gravitic Boosters  
  117  8:47  Probe (Chrono Boost)  
  119  8:51  Disruptor  
  119  8:53  Probe (Chrono Boost)  
  123  8:57  Disruptor  
  126  9:07  Stalker x5  
  126  9:09  Pylon  
  136  9:18  Charge  
  136  9:25  Observer  
  136  9:34  Nexus  
  136  9:37  Pylon  
  134  9:40  Stalker x4  
  142  9:46  Immortal  
  145  10:00  Stalker x2  
  145  10:03  Protoss Ground Weapons Level 3  
  145  10:06  Pylon  
  149  10:12  Pylon  
  149  10:19  Immortal  
  149  10:22  Immortal  
  157  10:42  Assimilator  
  157  10:43  Assimilator  
  157  10:53  Immortal  
  161  11:07  Immortal  
  161  11:08  Probe x3 (Chrono Boost)  
  164  11:16  Gateway  
  164  11:17  Gateway  
  168  11:18  Gateway  
  168  11:19  Templar Archives  
  168  11:20  Probe (Chrono Boost)  
  168  11:21  Gateway, Probe x2 (Chrono Boost)  
  165  11:29  Zealot  
  165  11:30  Zealot x5  
  163  11:56  Zealot x2  
  163  11:57  Zealot x4  
  163  11:58  Warp Prism  
  163  11:59  Photon Cannon  
  173  12:20  High Templar x3  
  179  12:27  Photon Cannon  
  179  12:29  Photon Cannon  
  179  12:30  Photon Cannon, Colossus  
  179  12:33  Pylon  
  179  12:35  Pylon  
  175  12:43  Zealot x6  
  165  12:57  Zealot x3  
  159  13:00  Archon  
  145  13:08  Disruptor  
  145  13:09  Zealot  
  145  13:10  Zealot x5  
  122  13:22  Zealot x3  
  82  13:36  Zealot x4  
  82  13:37  Zealot x2  
  89  13:44  High Templar x2, Zealot  
  89  13:46  Disruptor x2  
  85  13:53  Archon  
  85  13:59  High Templar x2  
  85  14:00  High Templar x2, Zealot  
  85  14:01  Zealot  
  97  14:03  Archon  
  97  14:05  Archon  
  97  14:12  Stalker  
  97  14:13  Probe x3 (Chrono Boost), Stalker  
  104  14:18  Disruptor x2  
  104  14:21  High Templar x4  
  118  14:25  Archon x2  
  116  14:45  High Templar x6  
  128  14:49  Immortal  
  128  14:52  Observer  
  128  14:55  Archon x3  
  133  15:18  High Templar x4, Zealot  
  133  15:19  Zealot x5  
  153  15:23  Archon  
  153  15:24  Archon  
  148  15:49  Zealot x6  
  137  16:04  Zealot x3  
  131  16:21  Stalker  
Tags
 
Add a new tag
Caveats
  • Supply blocks, unpowered buildings, or Contaminate may cause inaccurate times.
  • Supply counts are checked every 10 seconds.